 Dungeon Crawl Stone Soup version 0.20-a0-2-g2b0e13a (webtiles) character file.

54 Kaname the Stinger (level 3, 0/24 HPs)
             Began as a Demonspawn Venom Mage on Oct 30, 2016.
             Slain by a white imp (2 damage)
             ... summoned by Natasha
             ... on level 2 of the Dungeon.
             The game lasted 00:06:39 (1964 turns).

Kaname the Stinger (Demonspawn Venom Mage)          Turns: 1964, Time: 00:06:39

Health: 0/24       AC:  2    Str:  8    XL:     3   Next: 66%
Magic:  0/6        EV: 17    Int: 17    God:
Gold:   77         SH:  0    Dex: 18    Spells: 1 memorised, 5 levels left

rFire  . . .     SeeInvis .     g - +3 dagger (venom)
rCold  + . .     Gourm    .     a - +0 robe
rNeg   . . .     Faith    .     (no shield)
rPois  .         Spirit   .     (no helmet)
rElec  .         Reflect  .     (no cloak)
rCorr  .         Harm     .     (no gloves)
MR     .....                    (no boots)
Stlth  +++.......               o - amulet of inaccuracy (curse)
                                (no ring)
                                r - ring of wizardry

@: agile
A: cold resistance 1
a: no special abilities


You were on level 2 of the Dungeon.
You were not hungry.

You visited 1 branch of the dungeon, and saw 2 of its levels.

You collected 77 gold pieces.

Inventory:

Hand Weapons
 g - a +3 dagger of venom (weapon)
 j - a +0 hand crossbow
Missiles
 m - 22 bolts
Armour
 a - a +0 robe (worn)
Jewellery
 o - a cursed amulet of inaccuracy (around neck)
 r - a ring of wizardry (left hand)
Scrolls
 e - a scroll of remove curse {unknown}
 f - a scroll of blinking
 h - a scroll of magic mapping
 i - a scroll of enchant weapon {unknown}
 k - a scroll of teleportation {unknown}
Potions
 l - a potion of magic {unknown}
 n - a potion of heal wounds {unknown}
 p - a potion of berserk rage {unknown}
Books
 b - a Young Poisoner's Handbook

   Spells                             Type                      Level
   a - Sting                          Conjuration/Poison           1
   b - Mephitic Cloud                 Conjuration/Poison/Air       3
   c - Olgreb's Toxic Radiance        Poison                       4
   d - Alistair's Intoxication        Transmutation/Poison         5
   e - Venom Bolt                     Conjuration/Poison           5
Comestibles
 c - 2 bread rations
 q - 2 chunks of flesh


   Skills:
 - Level 1.7 Dodging
 - Level 1.7 Stealth
 - Level 2.0 Spellcasting
 + Level 3.3 Conjurations
 - Level 4.0 Poison Magic


You had 5 spell levels left.
You knew the following spells:

 Your Spells              Type           Power        Failure   Level  Hunger
a - Sting                 Conj/Pois      ##..         1%          1    #......


Dungeon Overview and Level Annotations

Branches:
Dungeon (2/15)

Altars:

Annotations:
D:2 Natasha


Innate Abilities, Weirdness & Mutations

Your flesh is cold resistant. (rC+)


Message History

You hit Natasha.
Natasha looks as sick as possible!
Natasha is heavily wounded.
Natasha claws you. The white imp barely misses you.
You barely miss Natasha.
Natasha is severely wounded.
Natasha completely misses you. The white imp hits you.
* * * LOW HITPOINT WARNING * * *
The white imp freezes you. You resist.
* * * LOW HITPOINT WARNING * * *
Casting: Sting
Confirm with . or Enter, or press ? or * to list all spells.
Aiming: Sting
Press: ? - help, Shift-Dir - straight line, f/p - Natasha
Aim: Natasha (severely wounded, poisoned)
The sting misses Natasha.
Natasha claws you.
* * * LOW HITPOINT WARNING * * *
The white imp hits you.
* * * LOW HITPOINT WARNING * * *
The white imp freezes you. You resist.
You die...

#....# #....#####
#.......>. .
#....##### ..
###<...# ###...
#......## #....#
....#.....# ....#
#.######...##..# #..
##..#@h.# #.#
##...5## .. ##..#.#
#. #.....#####
#.#####.....#...#
#..#....#.......#
#...####.#.....#
#..## ##.#.#...#
#####..####........#


You could see Natasha and a white imp.

Vanquished Creatures
  A dart slug (D:1)
  2 leopard geckos (D:2)
  2 ball pythons
  8 bats
  3 goblins
  5 hobgoblins (D:1)
  6 jackals (D:1)
  5 kobolds (D:1)
  10 frilled lizards
  5 rats
47 creatures vanquished.

Notes
Turn   | Place    | Note
-------+----------+-------------------------------------------
     0 | D:1      | Kaname the Demonspawn Venom Mage began the quest for the Orb.
     0 | D:1      | Reached XP level 1. HP: 13/13 MP: 3/3
    42 | D:1      | Reached skill level 1 in Conjurations
   542 | D:1      | Gained mutation: Your flesh is cold resistant. (rC+) [demonic ancestry]
   542 | D:1      | Reached XP level 2. HP: 19/19 MP: 0/5
  1232 | D:1      | Reached XP level 3. HP: 23/24 MP: 4/6
  1952 | D:2      | Noticed Natasha
  1964 | D:2      | Slain by a white imp

Vault maps used:
D:1:      ncdulo_wetmaze
D:2:      uniq_natasha

Skill      XL: |  1  2  3 |
---------------+----------+-----
Conjurations   | 1 2 3 |  3.3
Dodging        | |  1.7
Stealth        | |  1.7
Spellcasting   | |  2.0
Poison Magic   | |  4.0

Action                   || total
-------------------------++-------
Melee: Unarmed           ||    31
       Dagger            ||    65
 Cast: Sting             ||    44
  Use: Scroll            ||     2
       Potion            ||     1
 Stab: Sleeping          ||     2
  Eat: Chunk             ||     4
Armor: Robe              ||    13
Dodge: Dodged            ||    59
